 Dungeon Sprint DCSS version 0.18-a0-1372-gd644665 (webtiles) character file.

96 namelastname112 the Fighter (level 7, 0/65 HPs)
             Began as a Demonspawn Berserker on Feb 21, 2016.
             Was a High Priest of Trog.
             Slain by an ogre mage
             ... wielding a cursed +0 spear
              (4 damage)
             ... in the Dungeon (Sprint VI: "Thunderdome").
             The game lasted 00:05:15 (595 turns).

namelastname112 the Fighter (Demonspawn Berserker)   Turns: 595, Time: 00:05:16

Health: 0/65       AC: 12    Str: 22    XL:     7   Next: 43%
Magic:  7/7        EV: 10    Int: 16    God:    Trog [*****.]
Gold:   250        SH:  2    Dex: 10    Spells: 0 memorised, 6 levels left

rFire  + . .     SeeInvis .     p - +0 battleaxe
rCold  . . .     Gourm    .     o - +0 chain mail
rNeg   + . .     Faith    .     (shield currently unavailable)
rPois  .         Spirit   .     (no helmet)
rElec  .         Dismiss  .     (no cloak)
rCorr  .         Reflect  .     (no gloves)
SustAt .         Harm     .     (no boots)
MR     .....     NoTele   +     (no amulet)
Stlth  ..........               q - ring of Vehumet's Displeasure {+Fly Int+4 Dex+3 Stlth-}
                                n - ring "Qanno Suru" {+Fly rN+ Str+3 Int+3 Dex-5}

@: not resistant to hostile enchantments, extremely unstealthy
A: hooves 2, large bone plates 1, demonic guardian 1, fire resistance 1
a: Berserk, Trog's Hand, Brothers in Arms, Burn Spellbooks, Renounce Religion,
Evoke Flight


You were in the Dungeon.
You worshipped Trog.
Trog was extremely pleased with you.
You were hungry.

You visited 1 branch You collected 340 gold pieces.
You spent 90 gold pieces at shops.

Inventory:

Hand Weapons
 a - a +0 hand axe
 p - a +0 battleaxe (weapon)
Missiles
 r - 6 javelins of returning (quivered)
Armour
 b - a +0 animal skin
 o - a +0 chain mail (worn)
Jewellery
 n - the ring "Qanno Suru" (left hand) {+Fly rN+ Str+3 Int+3 Dex-5}
   (You bought it in a shop in the Dungeon)

   [ring of flight]

   It affects your strength (+3).
   It affects your intelligence (+3).
   It affects your dexterity (-5).
   It protects you from negative energy.
   It lets you fly.
 q - the ring of Vehumet's Displeasure (right hand) {+Fly Int+4 Dex+3 Stlth-}
   (You bought it in a shop in the Dungeon)

   [ring of loudness]

   It affects your intelligence (+4).
   It affects your dexterity (+3).
   It lets you fly.
   It makes you less stealthy.
Wands
 j - a wand of acid (5/15)
 k - a wand of iceblast (5/15)
Scrolls
 i - 4 scrolls of blinking
 l - 3 scrolls of fog
Potions
 d - a potion of curing
 e - 4 potions of heal wounds
 f - 4 potions of haste
 g - 2 potions of magic
 h - a potion of berserk rage
 m - a potion of resistance
Comestibles
 c - a bread ration


   Skills:
 + Level 9.7 Fighting
 + Level 9.2 Axes
 + Level 6.0 Armour
 + Level 6.9 Dodging


You had 6 spell levels left.
You didn't know any spells.

Dungeon Overview and Level Annotations

Branches:
Dungeon (1/1)

Altars:
Cheibriados
Dithmenos
Fedhas
Gozag
Kikubaaqudgha
Makhleb
Okawaru
Pakellas
Qazlal
Ru
Sif Muna
Trog
Vehumet
Xom
Yredelemnul
Zin
The Shining One
Jiyva
Lugonu

Shops:
D *[%??*?*:[((!!!!


Innate Abilities, Weirdness & Mutations

You have hoof-like feet.
You are partially covered in large bone plates (AC +2, SH +2).
A weak demonic guardian rushes to your aid.
Your flesh is heat resistant.


Message History

You swap places.
Your skin stops crawling.
You feel less resistant to hostile enchantments.
Your iron imp disappears in a puff of smoke!
Something hits you. The ogre barely misses you.
You hit the ogre. Your kick misses the ogre.
The ogre is lightly wounded.
You completely miss something. You slash the ogre!
The ogre is severely wounded.
Something hits you. The ogre completely misses you.
The ogre hits you with a giant club!
Unknown command.
You slash the ogre! You kick the ogre, but do no damage.
The ogre is almost dead.
You hit the ogre.
The ogre is severely wounded.
You barely miss something. The ogre hits you with a giant club!!
* * * LOW HITPOINT WARNING * * *
You block something's attack. The ogre closely misses you. Something hits you.
You die...

#∩.......∩# #_......._#
#........_# #_........#
###..[......### #⌠...........⌠#
######.8....[.[..8.######
##∩___......###OO....__.∩##
##∩........8.# #@8..).....∩###
..........[..###§......†.....##
......[...###..5###..........⌠#
..........# #.<.# #..........⌠#
..........###...###..........⌠#
.............###.............##
##∩........8.# #.8........∩###
##∩___......###......__.∩##
######.8.........8.######


You could see 2 ogres and a friendly crimson imp.

Vanquished Creatures
  2 orc warriors (D)
  Blork the orc (D)
  5 giant frogs (D)
  An orc wizard (D)
  Ijyb (D)
  2 orcs (D)
  A hobgoblin (D)
  A kobold (D)
14 creatures vanquished.

Vanquished Creatures (collateral kills)
  A blink frog (D)
  An ogre (D)
  A big kobold (D)
3 creatures vanquished.

Grand Total: 17 creatures vanquished

Notes
Turn   | Place    | Note
--------------------------------------------------------------
     0 | D        | namelastname112 the Demonspawn Berserker began the quest for the Orb.
     0 | D        | Reached XP level 1. HP: 18/18 MP: 1/1
     1 | D        | Found a deep blue altar of Sif Muna.
     2 | D        | Found a snail-covered altar of Cheibriados.
     2 | D        | Found a corrupted altar of Lugonu.
     3 | D        | Found an oddly glowing altar of Pakellas.
     3 | D        | Found a bloodstained altar of Trog.
     4 | D        | Found a glowing silver altar of Zin.
     4 | D        | Found Ucselic's Staff Store.
     4 | D        | Found Byosol's Magic Scroll Shop.
     5 | D        | Found Guthry Gyuri's Must-Have Magic.
     5 | D        | Found Deiwamei's Magic Scroll Shop.
     5 | D        | Round 1.
     8 | D        | Found a viscous altar of Jiyva.
    15 | D        | Noticed Ijyb
    28 | D        | Killed Ijyb
    28 | D        | Reached skill level 4 in Fighting
    28 | D        | Gained mutation: A weak demonic guardian rushes to your aid. [demonic ancestry]
    28 | D        | Reached XP level 2. HP: 15/26 MP: 2/2
    75 | D        | Reached ** piety under Trog
    85 | D        | Found Vomy's Distillery.
    86 | D        | Found Iniuthra's Distillery.
    86 | D        | Found Kowarru's Bottled Wisdom.
    86 | D        | Found an ancient bone altar of Kikubaaqudgha.
    86 | D        | Found a blossoming altar of Fedhas.
    86 | D        | Found Ymeado's Do-It-Yourself Clinic.
    90 | D        | Found an iron altar of Okawaru.
    91 | D        | Found a shadowy altar of Dithmenos.
    92 | D        | Found a stormy altar of Qazlal.
    93 | D        | Found Varchuda's Weapon Rack.
    94 | D        | Found a glowing golden altar of the Shining One.
    94 | D        | Found a burning altar of Makhleb.
    94 | D        | Found Warhea Masie's Premium Goods.
    94 | D        | Found Luokk's Basic Armour.
    94 | D        | Found Sehaepso's Miscellaneous Merchandise.
   103 | D        | Noticed a big kobold
   112 | D        | HP: 1/26 [big kobold (7)]
   117 | D        | Killed a big kobold
   117 | D        | Reached skill level 5 in Fighting
   117 | D        | Reached skill level 5 in Axes
   117 | D        | Gained mutation: You have large cloven feet. [demonic ancestry]
   117 | D        | Reached XP level 3. HP: 2/33 MP: 3/3
   117 | D        | Reached XP level 4. HP: 2/39 MP: 4/4
   127 | D        | Found a basalt altar of Yredelemnul.
   137 | D        | Found a sacrificial altar of Ru.
   137 | D        | Found an opulent altar of Gozag.
   137 | D        | Found Zaolyk's Identification Station.
   137 | D        | Found Ecwoghir's Advanced Armour.
   138 | D        | Found Jokhaff's Jewellery.
   139 | D        | Found a shimmering altar of Xom.
   139 | D        | Found a radiant altar of Vehumet.
   139 | D        | Found Gaakhal's Bee Food.
   179 | D        | Arena points: 5 (+5) [x1]
   194 | D        | Round 2.
   224 | D        | Noticed an orc warrior
   237 | D        | Noticed an orc warrior
   245 | D        | Killed an orc warrior
   245 | D        | Reached skill level 6 in Fighting
   252 | D        | Killed an orc warrior
   252 | D        | Reached skill level 7 in Fighting
   252 | D        | Gained mutation: You are partially covered in large bone plates (AC +2, SH +2). [demonic ancestry]
   252 | D        | Reached XP level 5. HP: 19/48 MP: 5/5
   292 | D        | Noticed Blork the orc
   294 | D        | Reached *** piety under Trog
   325 | D        | Killed Blork the orc
   325 | D        | Reached skill level 8 in Fighting
   325 | D        | Reached skill level 5 in Dodging
   325 | D        | Gained mutation: Your flesh is heat resistant. [demonic ancestry]
   325 | D        | Reached XP level 6. HP: 28/56 MP: 6/6
   328 | D        | Reached **** piety under Trog
   328 | D        | Arena points: 33 (+28) [x2]
   363 | D        | Bought a sparkling glass ring for 45 gold pieces
   363 | D        | Bought a vibrating wooden ring for 45 gold pieces
   363 | D        | Identified the ring "Qanno Suru" {+Fly rN+ Str+3 Int+3 Dex-5} (You bought it in a shop in the Dungeon)
   364 | D        | Identified the ring of Vehumet's Displeasure {+Fly Int+4 Dex+3 Stlth-} (You bought it in a shop in the Dungeon)
   366 | D        | Round 3.
   455 | D        | Received a gift from Trog
   455 | D        | Reached skill level 9 in Fighting
   466 | D        | Noticed a blink frog
   479 | D        | Killed a blink frog
   479 | D        | Reached skill level 5 in Armour
   479 | D        | Gained mutation: You have hoof-like feet. [demonic ancestry]
   479 | D        | Reached XP level 7. HP: 64/64 MP: 7/7
   493 | D        | Reached ***** piety under Trog
   526 | D        | Arena points: 96 (+63) [x3]
   551 | D        | Round 4.
   595 | D        | Slain by an ogre mage

Vault maps used:
D:        arena_sprint

Action                   |  1- 3 |  4- 6 |  7- 9 || total
-------------------------+-------+-------+-------++-------
Melee: Hand axe          |    18 |    15 |       ||    33
       Battleaxe         |       |    17 |    20 ||    37
Invok: Trog's Hand       |       |     3 |     1 ||     4
       Berserk           |       |     1 |       ||     1
 Stab: Distracted        |       |     1 |       ||     1
